 Dungeon Crawl Stone Soup version 0.31.0-11-ge490571c62 (webtiles) character file.

Game seed: 3018847762047242335

85 Gadfly the Insei (level 4, -5/36 HPs)
             Began as a Demonspawn Monk on Feb 1, 2024.
             Slain by a gnoll
             ... wielding a +0 spear of venom
              (7 damage)
             ... on level 2 of the Dungeon.
             The game lasted 00:02:47 (1015 turns).

Gadfly the Insei (Demonspawn Monk)                  Turns: 1015, Time: 00:02:47

Health: -5/36      AC:  5    Str: 13    XL:     4   Next: 25%
Magic:  5/5        EV: 12    Int: 11    God:
Gold:   120        SH:  0    Dex: 15    Spells: 3/3 levels left

rFire   . . .        b - +2 dagger (venom)
rCold   . . .        c - orb {light}
rNeg    . . .        h - +1 leather armour {Will+}
rPois   .            (no helmet)
rElec   .            (no cloak)
rCorr   .            (no gloves)
SInv    .            (no boots)
Will    +....        (no amulet)
Stlth   +            (no ring)
HPRegen 0.26/turn    (no ring)
MPRegen 0.09/turn

%: no passive effects
@: brilliant, attractive, glowing
A: rugged brown scales 1, demonic guardian 2
a: no special abilities


You were on level 2 of the Dungeon.
You visited 1 branch of the dungeon, and saw 2 of its levels.

You collected 120 gold pieces.

Inventory:

Hand Weapons
 b - a +2 dagger of venom (weapon)
 i - a +2 dagger of flaming
Armour
 a - a +0 robe
 c - an orb of light (worn)
 h - a +1 leather armour of willpower (worn)
Talismans
 d - a flux talisman
Scrolls
 e - a scroll of identify
Potions
 f - a potion of ambrosia


   Skills:
 - Level 3.0 Fighting
 + Level 2.9 Dodging
 * Level 3.2 Unarmed Combat
 * Level 2.2 Invocations
 * Level 1.5 Evocations
 * Level 1.3 Shapeshifting


You had 3 spell levels left.
You didn't know any spells.
Your spell library was empty.

Dungeon Overview and Level Annotations

Branches:
Dungeon (2/15)

Altars:


Innate Abilities, Weirdness & Mutations

You are partially covered in rugged brown scales. (AC +1, +3% HP)
A demonic guardian rushes to your aid.


Message History

You feel sick.
The hobgoblin hits you but does no damage.
Okay, then.
You bump into the rock wall.
You feel less invigorated.
You feel less confused.
You feel sick.
You kill the hobgoblin!
The gnoll is attracted toward you.
You feel sick. The gnoll is attracted toward you. x2
You feel sick. The gnoll attacks as it pursues you!
The gnoll hits you but does no damage. The gnoll attacks as it pursues you!
The gnoll hits you from afar with a +0 halberd.
* * * LOW HITPOINT WARNING * * *
You feel sick. The gnoll is attracted toward you.
You feel sick. The gnoll attacks as it pursues you!
The gnoll closely misses you.
You feel sick. The gnoll is attracted toward you. x2
You feel sick.
You are no longer poisoned.
Okay, then.
Okay, then.
The gnoll is attracted toward you. The gnoll is attracted toward you. x2
The gnoll is attracted toward you. x2
The gnoll barely misses you. The gnoll is attracted toward you.
The gnoll attacks as it pursues you!
The gnoll hits you from afar with a +0 spear of venom.
* * * LOW HITPOINT WARNING * * *
A demonic guardian appears!
You swap places.
The gnoll barely misses your hellwing.
Your hellwing barely misses the gnoll.
Your hellwing closely misses the gnoll.
Okay, then.
The gnoll hits your hellwing but does no damage.
Your hellwing is poisoned.
The gnoll barely misses your hellwing.
Your hellwing hits the gnoll!
The gnoll dies!
The gnoll is attracted toward you. x2
The gnoll hits your hellwing with a +0 halberd.
The gnoll hits you from afar with a +0 spear of venom!
You die...

#.# #.#.# ..#
#.#.# ### #.#.#
#.#.# #.#.###
#.#... #.#..#
#.#..# #.#@.#
#.#..# #.#g.#
#.#4.# #.#g§#
#.#§.######
#.#........
####.#.#######§#
#....#.# #.?§§.#


You could see 2 gnolls and a friendly hellwing (summoned, very poisoned).

Vanquished Creatures
  A gnoll (D:2)
  3 adders (D:2)
  A dart slug (D:2)
  An endoplasm (D:1)
  3 giant cockroaches (D:1)
  5 goblins (D:1)
  5 hobgoblins
  2 quokkas (D:1)
  2 ball pythons (D:1)
  5 bats
  2 frilled lizards (D:1)
  4 kobolds (D:1)
  2 rats (D:2)
36 creatures vanquished.

Vanquished Creatures (collateral kills)
  A gnoll (D:2)
  A rat (D:2)
2 creatures vanquished.

Grand Total: 38 creatures vanquished

Notes
Turn   | Place    | Note
-------+----------+-------------------------------------------
     0 | D:1      | Gadfly the Demonspawn Monk began the quest for the Orb.
     0 | D:1      | Reached XP level 1. HP: 18/18 MP: 1/1
   171 | D:1      | Gained mutation: A weak demonic guardian rushes to your
                  | aid. [demonic ancestry]
   171 | D:1      | Reached XP level 2. HP: 24/24 MP: 2/2
   228 | D:1      | Reached skill level 1 in Invocations
   279 | D:1      | Found a faded altar of an unknown god.
   539 | D:1      | Reached skill level 1 in Evocations
   652 | D:1      | Gained mutation: A demonic guardian rushes to your aid.
                  | [demonic ancestry]
   652 | D:1      | Reached XP level 3. HP: 25/29 MP: 4/4
   778 | D:2      | Reached skill level 1 in Shapeshifting
   996 | D:2      | Gained mutation: You are partially covered in rugged brown
                  | scales. (AC +1, +3% HP) [demonic ancestry]
   996 | D:2      | Reached XP level 4. HP: 8/36 MP: 5/5
  1012 | D:2      | HP: 1/36 [gnoll/+0 spear of venom (5)]
  1015 | D:2      | Slain by a gnoll

Illustrated notes

Levels and vault maps discovered:
D:1:      eino_arrival_cavern_e, layout_basic,
          ebering_ecumenical_altar_petrified
D:2:      layout_basic

Skill      XL: |  1  2  3 |
---------------+----------+-----
Invocations    | 1 2 |  2.2
Unarmed Combat | 3 |  3.2
Evocations     | 1 |  1.5
Shapeshifting  | 1 |  1.3
Fighting       | |  3.0
Dodging        | |  2.9

Action                     |  1- 3 |  4- 6 || total
---------------------------+-------+-------++-------
  Melee: Unarmed           |    38 |       ||    38
         Dagger            |    42 |     1 ||    43
    Use: Scroll            |     2 |       ||     2
         Potion            |       |     3 ||     3
 Armour: Robe              |    19 |       ||    19
         Leather armour    |    23 |     5 ||    28
  Dodge: Dodged            |    47 |     6 ||    53
